 Dungeon Crawl Stone Soup version 0.25.0-9-g26727b657a (webtiles) character file.

Game seed: 16080871962513582815

1124 Delamore the Basher (level 8, -1/46 HPs)
             Began as a Gargoyle Fighter on June 18, 2020.
             Was a Believer of Okawaru.
             Shot with an arrow by a centaur (8 damage)
             ... on level 6 of the Dungeon.
             The game lasted 00:06:07 (6323 turns).

Delamore the Basher (Gargoyle Fighter)              Turns: 6323, Time: 00:06:07

Health: -1/46      AC: 13    Str: 22    XL:     8   Next: 35%
Magic:  6/8        EV: 10    Int:  9    God:    Okawaru [**....]
Gold:   372        SH: 11    Dex:  9    Spells: 7/7 levels left

rFire    . . .     SeeInvis .   x - +3 flail
rCold    . . .     Gourm    .   c - +0 kite shield
rNeg     + . .     Faith    .   b - +0 scale mail
rPois    ∞         Spirit   .   (no helmet)
rElec    +         Reflect  .   (no cloak)
rCorr    .         Harm     .   (no gloves)
MR       .....                  (no boots)
Stlth    ..........             (no amulet)
HPRegen  0.15/turn              o - ring of poison resistance
MPRegen  0.11/turn              n - ring of attention

@: heroism
A: negative energy resistance 1, electricity resistance, unbreathing,
petrification resistance, rot immunity, AC +5
a: Heroism, Renounce Religion


You were on level 6 of the Dungeon.
You worshipped Okawaru.
Okawaru was pleased with you.
You were not hungry.

You visited 1 branch of the dungeon, and saw 6 of its levels.
You also visited: Sewer.

You collected 400 gold pieces.
You spent 28 gold pieces at shops.

Inventory:

Hand Weapons
 a - a +0 flail
 x - a +3 flail (weapon)
Armour
 b - a +0 scale mail (worn)
 c - a +0 kite shield (worn)
 i - a +0 tower shield
Jewellery
 n - a ring of attention (right hand)
 o - a ring of poison resistance (left hand)
Wands
 A - a wand of enslavement (9)
Scrolls
 e - a scroll of fear
 g - 3 scrolls of amnesia {unknown}
 k - 2 scrolls of enchant weapon {unknown}
 m - 3 scrolls of remove curse
 q - a scroll of blinking
 r - 4 scrolls of enchant armour
 u - a scroll of teleportation {unknown}
 v - a scroll of immolation {unknown}
 y - a scroll of magic mapping {unknown}
 z - a scroll of identify
Potions
 d - 2 potions of might
 h - a potion of haste
 j - 6 potions of curing
 l - a potion of stabbing
 p - a potion of ambrosia
 s - a potion of brilliance
 t - a potion of invisibility
 w - a potion of magic
Comestibles
 f - 9 rations


   Skills:
 - Level 3.2(8.2) Fighting
 + Level 9.8(14.8) Maces & Flails
 - Level 3.2(8.2) Armour
 - Level 3.2(8.2) Shields


You had 7 spell levels left.
You didn't know any spells.
Your spell library was empty.

Dungeon Overview and Level Annotations

Branches:
Dungeon (6/15)             Temple (0/1) D:5           Sewer (visited)

Altars:
Elyvilon
Fedhas
Kikubaaqudgha
Makhleb
Nemelex Xobeh
Okawaru
Uskayaw
Vehumet

Shops:
D:5 *

Annotations:
D:2 Sigmund


Innate Abilities, Weirdness & Mutations

You are resistant to torment.
Your stone body is resilient. (AC +5)
You are immune to poison.
You resist negative energy. (rN+)
You are resistant to electric shocks. (rElec)
You can survive without breathing.
You are immune to petrification.
You are immune to rotting.


Message History

The centaur is lightly wounded.
The centaur hits you. You block the orc warrior's attack.
The centaur completely misses you.
You barely miss the centaur.
The centaur is lightly wounded.
The centaur closely misses you.
The orc warrior hits you with a +0 scimitar!
You are too injured to fight recklessly!
You are too injured to fight recklessly!
You are too injured to fight recklessly!
You are too injured to fight recklessly!
You gain the combat prowess of a mighty hero.
You block the centaur's attack. x2
The orc warrior hits you with a +0 scimitar!
* * * LOW HITPOINT WARNING * * *
The centaur wields a +0 shortbow.
The centaur shoots an arrow.
You block the arrow.
You see here an arrow.
The centaur shoots an arrow.
The arrow hits you!
You die...

. .$# .... .....####
........# .... #@##
..... #.)# ##
......##(### ####.
......c....# #######....
......o)c..###..........
.^......................
......>....###..........
........................
######.....#.#######.##.


You could see a centaur.

Vanquished Creatures
  Menkaure (D:6)
  Purgy (Sewer)
  An ice beast (D:5)
  A phantom (D:5)
  2 scorpions
  2 crimson imps (D:5)
  An orc priest (D:6)
  Jessica (D:2)
  2 iguanas (D:5)
  3 orc wizards
  6 worker ants
  A hound skeleton (D:5)
  A howler monkey zombie (D:5)
  7 adders
  2 river rats (D:5)
  A shadow imp (D:5)
  An ooze (D:3)
  An adder skeleton (D:4)
  A worm (D:3)
  3 dart slugs
  3 leopard geckos
  8 orcs
  4 giant cockroaches
  7 goblins
  9 hobgoblins
  6 jackals
  A quokka (D:3)
  5 ball pythons
  10 bats
  10 frilled lizards
  A jackal skeleton (D:4)
  4 kobolds
  8 rats
115 creatures vanquished.

Vanquished Creatures (others)
  4 toadstools (D:1)
4 creatures vanquished.

Grand Total: 119 creatures vanquished

Notes
Turn   | Place    | Note
-------+----------+-------------------------------------------
     0 | D:1      | Delamore the Gargoyle Fighter began the quest for the Orb.
     0 | D:1      | Reached XP level 1. HP: 14/14 MP: 1/1
   213 | D:1      | Reached XP level 2. HP: 18/19 MP: 2/2
   330 | D:1      | Reached skill level 3 in Maces & Flails
   776 | D:2      | Noticed Sigmund
   780 | D:2      | Reached XP level 3. HP: 23/23 MP: 3/3
   856 | D:2      | Found a hide-covered altar of Uskayaw.
   859 | D:2      | Noticed a +0 dagger
   859 | D:2      | Noticed a +0 hand axe
  1044 | D:2      | Found a burning altar of Makhleb.
  1398 | D:2      | Noticed Jessica
  1404 | D:2      | Killed Jessica
  1404 | D:2      | Reached skill level 4 in Maces & Flails
  1404 | D:2      | Reached XP level 4. HP: 28/28 MP: 4/4
  1473 | D:2      | Found an ancient bone altar of Kikubaaqudgha.
  1475 | D:2      | Found a white marble altar of Elyvilon.
  1475 | D:2      | Found a blossoming altar of Fedhas.
  1477 | D:2      | Found a sparkling altar of Nemelex Xobeh.
  1485 | D:2      | Found a radiant altar of Vehumet.
  1963 | D:3      | Reached skill level 5 in Maces & Flails
  1967 | D:3      | Reached XP level 5. HP: 28/32 MP: 5/5
  2600 | D:3      | Found an iron altar of Okawaru.
  2628 | D:3      | Became a worshipper of Warmaster Okawaru
  3503 | D:4      | Reached skill level 6 in Maces & Flails
  3503 | D:4      | Reached XP level 6. HP: 21/37 MP: 6/6
  4021 | D:5      | Entered Level 5 of the Dungeon
  4021 | D:5      | Noticed a phantom
  4101 | D:5      | Killed a phantom
  4101 | D:5      | Reached * piety under Okawaru
  4135 | D:5      | Found a glowing drain.
  4137 | D:5      | Reached skill level 7 in Maces & Flails
  4262 | Sewer    | Entered a sewer
  4505 | Sewer    | Noticed Purgy
  4526 | Sewer    | Killed Purgy
  4526 | Sewer    | Reached XP level 7. HP: 4/41 MP: 7/7
  5036 | D:5      | Found Ratekella's Assorted Antiques.
  5069 | D:4      | Reached skill level 8 in Maces & Flails
  5314 | D:5      | Bought a scroll labeled WACIANU WEOSK for 28 gold pieces
  5333 | D:5      | Found a staircase to the Ecumenical Temple.
  5776 | D:5      | Reached skill level 9 in Maces & Flails
  5776 | D:5      | Reached XP level 8. HP: 29/46 MP: 8/8
  6076 | D:6      | Reached ** piety under Okawaru
  6105 | D:6      | Noticed Menkaure
  6114 | D:6      | Killed Menkaure
  6323 | D:6      | Shot with an arrow by a centaur

Illustrated notes

Levels and vault maps discovered:
D:1:      dpeg_arrival_round_c, layout_basic, serial_rivers,
          chequers_serial_rivers_micro_c, chequers_serial_rivers_micro_a,
          chequers_serial_rivers_small_b, chequers_serial_rivers_micro_e,
          chequers_serial_rivers_micro_d, eino_curves_02,
          minmay_misc_feat_nine_boxes, minmay_gold_behind_fungi
D:2:      layout_loops_ring, lightli_temple_of_fire, dancing_weapons_uskayaw,
          grunt_temple_overflow_open, uniq_sigmund, uniq_jessica
D:3:      layout_basic, okawaru_altar_gauntlet_db
D:4:      layout_rooms
D:5:      layout_rooms, minmay_temple_entry_enclosed_plants, serial_shops, shop,
          first_ration, portal_sewer_entry_a, chequers_serial_rivers_small_a
D:6:      layout_rooms, uniq_menkaure

Skill      XL: |  1  2  3  4  5  6  7 |
---------------+----------------------+-----
Maces & Flails | 3 4 5 6 7 9 |  9.8
Fighting       | |  3.2
Armour         | |  3.2
Shields        | |  3.2

Action                   |  1- 3 |  4- 6 |  7- 9 || total
-------------------------+-------+-------+-------++-------
Melee: Flail             |   122 |   327 |   132 ||   581
Invok: Heroism           |       |       |     1 ||     1
  Use: Scroll            |       |    10 |     2 ||    12
       Potion            |       |     1 |     1 ||     2
  Eat: Chunk             |     2 |    10 |     6 ||    18
Armor: Scale mail        |    81 |   185 |    59 ||   325
Dodge: Dodged            |    56 |   117 |    30 ||   203
Block: Kite shield       |    70 |   182 |    49 ||   301
